 Dungeon Crawl Stone Soup version 0.30-a0-218-gedb9141078 (webtiles) character file.

Game seed: 6703148891508438347

126 27heaven the Chopper (level 5, -3/45 HPs)
             Began as a Hill Orc Fighter on Oct 5, 2022.
             Slain by a gnoll sergeant
             ... wielding a +0 trident
              (10 damage)
             ... on level 4 of the Dungeon.
             The game lasted 00:02:40 (2527 turns).

27heaven the Chopper (Hill Orc Fighter)             Turns: 2527, Time: 00:02:40

Health: -3/45      AC: 10    Str: 21    XL:     5   Next: 9%
Magic:  5/5        EV:  7    Int:  8    God:
Gold:   136        SH:  5    Dex: 16    Spells: 4/4 levels left

rFire   . . .      SeeInvis .    a - +0 war axe
rCold   . . .      Faith    .    c - +0 buckler
rNeg    . . .      Spirit   .    j - +0 chain mail
rPois   .          Reflect  .    (no helmet)
rElec   .          Harm     .    (no cloak)
rCorr   .          Rampage  .    (no gloves)
Will    .....                    i - +0 pair of boots
Stlth   ..........               (no amulet)
HPRegen 0.27/turn                l - +6 ring of dexterity
MPRegen 0.09/turn                (no ring)

@: no status effects
A: no striking features
a: no special abilities


You were on level 4 of the Dungeon.
You visited 1 branch of the dungeon, and saw 4 of its levels.

You collected 136 gold pieces.

Inventory:

Hand Weapons
 a - a +0 war axe (weapon)
 m - a +0 spear of freezing
Armour
 c - a +0 buckler (worn)
 i - a +0 pair of boots (worn)
 j - a +0 chain mail (worn)
Jewellery
 l - a +6 ring of dexterity (left hand)
Scrolls
 e - 3 scrolls of teleportation {unknown}
 f - 2 scrolls of torment {unknown}
 k - a scroll of magic mapping {unknown}
 o - a scroll of blinking {unknown}
 q - a scroll of identify {unknown}
 r - a scroll of summoning {unknown}
 t - a scroll of enchant weapon {unknown}
Potions
 b - a potion of curing {unknown}
 d - a potion of might
 g - 2 potions of heal wounds {unknown}
 h - a potion of degeneration {unknown}
 n - a potion of haste {unknown}
 p - a potion of flight {unknown}
 s - a potion of lignification {unknown}


   Skills:
 - Level 3.6 Fighting
 + Level 6.8 Axes
 - Level 3.2 Armour
 - Level 3.2 Shields


You had 4 spell levels left.
You didn't know any spells.
Your spell library contained the following spells:

 Spells                   Type           Power      Damage    Failure   Level
 Gell's Gravitas          Tloc           0%         N/A       100%        3
 Teleport Other           Tloc           0%         N/A       100%        3
 Dispersal                Tloc           0%         N/A       100%        6


Dungeon Overview and Level Annotations

Branches:
Dungeon (4/15)
 Temple: D:4-7

Altars:
Zin


Message History

You hit the gnoll sergeant.
The gnoll sergeant is moderately wounded.
You slash the gnoll sergeant!
The gnoll sergeant is almost dead.
The gnoll hits you but does no damage. The gnoll sergeant closely misses you.
The gnoll sergeant hits you with a +0 trident!
The iguana bites you but does no damage.
The gnoll barely misses you.
You closely miss the gnoll. You closely miss the iguana.
You hit the gnoll sergeant but do no damage.
You closely miss the gnoll. The gnoll hits you with a +0 whip.
The gnoll hits you but does no damage. The gnoll barely misses you.
The iguana bites you but does no damage.
The gnoll sergeant hits you with a +0 trident.
You barely miss the gnoll sergeant.
The gnoll sergeant is almost dead.
You hit the gnoll. You barely miss the gnoll.
You hit the iguana but do no damage. The gnoll completely misses you.
The gnoll barely misses you. The iguana barely misses you.
The gnoll completely misses you.
The gnoll sergeant hits you with a +0 trident.
You hit the gnoll sergeant but do no damage.
The gnoll sergeant is almost dead.
You hit the gnoll. x2; You slash the iguana!
The gnoll hits you with a +0 whip. You block the gnoll's attack.
The iguana bites you. The gnoll barely misses you.
The gnoll sergeant hits you with a +0 trident.
Unknown command.
The iguana attacks as you move away! The iguana bites you!
You slash the gnoll!
You kill the gnoll!
You completely miss the iguana. You hit the gnoll. You hit the gnoll sergeant.
The gnoll hits you with a +0 flail.
* * * LOW HITPOINT WARNING * * *
The gnoll hits you from afar with a +0 spear.
* * * LOW HITPOINT WARNING * * *
The iguana bites you.
* * * LOW HITPOINT WARNING * * *
The gnoll sergeant hits you with a +0 trident!
You die...

#### ##..# ##...##
#.....# ####
##....##...#
##.........##
#...g@l#....##
#####...)gg......#
######.#.......g.......
##....#............#.#..
##.....>............#
...
#.<....#.#........... ..
##.....#...##......... .
###...................
##...##....#.#.......


You could see a gnoll sergeant, an iguana and 3 gnolls.

Vanquished Creatures
  2 gnolls
  4 adders
  3 worms
  2 dart slugs (D:1)
  2 orcs (D:3)
  4 endoplasms
  2 giant cockroaches
  5 goblins
  4 hobgoblins
  7 quokkas
  5 ball pythons
  12 bats
  5 frilled lizards
  5 kobolds
  6 rats (D:1)
68 creatures vanquished.

Notes
Turn   | Place    | Note
-------+----------+-------------------------------------------
     0 | D:1      | 27heaven the Hill Orc Fighter began the quest for the Orb.
     0 | D:1      | Reached XP level 1. HP: 19/19 MP: 1/1
    40 | D:1      | Reached skill level 3 in Axes
   119 | D:1      | Reached XP level 2. HP: 24/26 MP: 2/2
   203 | D:1      | Reached skill level 4 in Axes
   540 | D:1      | Reached XP level 3. HP: 31/31 MP: 3/3
   577 | D:1      | Reached skill level 5 in Axes
  1018 | D:2      | Reached XP level 4. HP: 35/39 MP: 4/4
  1156 | D:2      | Reached skill level 6 in Axes
  1370 | D:2      | Found a faded altar of an unknown god.
  1860 | D:3      | Found a glowing silver altar of Zin.
  2000 | D:3      | Reached XP level 5. HP: 41/45 MP: 5/5
  2527 | D:4      | Slain by a gnoll sergeant

Illustrated notes

Levels and vault maps discovered:
D:1:      psy_arrival_spokes, layout_loops_ring, dk_noncrumbling_2
D:2:      layout_rooms, basic_ecumenical_altar, corner_web_ring,
          corexii_item_surrounded_by_moat, due_unseen_surprise
D:3:      layout_loops_corners, lemuel_doored_altar, chequers_decorated_corner
D:4:      layout_cave_pools, minmay_temple_entry_drinking_statues, serial_shops,
          nicolae_shop_hallway_stairs, ebering_ghost_disaster_area,
          uniq_natasha, uniq_menkaure

Skill      XL: |  1  2  3  4 |
---------------+-------------+-----
Axes           | 3 4 5 6 |  6.8
Fighting       | |  3.6
Armour         | |  3.2
Shields        | |  3.2

Action                   |  1- 3 |  4- 6 || total
-------------------------+-------+-------++-------
Melee: War axe           |    96 |   117 ||   213
Armor: Scale mail        |    45 |       ||    45
       Chain mail        |    24 |    82 ||   106
Dodge: Dodged            |    60 |    31 ||    91
Block: Buckler           |    34 |    26 ||    60

Table legend: (Time is in decaauts)
 A = Elapsed time spent in this place.
 B = Non-inter-level travel time spent in this place.
 C = Inter-level travel time spent in this place.
 D = Time resting spent in this place.
 E = Time spent auto-exploring this place.
 F = Levels seen in this place.
 G = Mean time per level.
                   A        B        C        D        E       F      G
               +--------+--------+--------+--------+--------+-----+--------+
         Total |   2586 |   2453 |    133 |      0 |   1896 |   4 |  646.5 |
       Dungeon |   2586 |   2453 |    133 |      0 |   1896 |   4 |  646.5 |
               +--------+--------+--------+--------+--------+-----+--------+

Top non-repeatable levels by time:
     D:1: 970 daAuts
     D:3: 941 daAuts
     D:2: 635 daAuts
     D:4: 38 daAuts
